Map: Ruins of Seras

Players

IlllIlllIlll

  • Race: Zerg Zerg
  • League: Gold

빛과소금 - Winner!

  • Race: Zerg Zerg
  • League: Platinum

VOD

Have the link to the VOD?

Description

Time

  • Played on: Dec. 5, 2015, 4:02 a.m.
  • Length: 4:22
Show
View Real Time Build Order
Export as new Build Order

IlllIlllIlll Zerg 

Build Orders: Hatch First 

Get SALT Encoding   

  12  0:01  Drone  
  13  0:13  Overlord  
  13  0:18  Drone  
  14  0:31  Drone x2  
  16  0:36  Drone  
  17  0:56  Hatchery  
  16  0:59  Drone  
  16  1:02  Extractor  
  17  1:04  Drone  
  17  1:20  Spawning Pool  
  16  1:27  Drone x2  
  18  1:52  Drone, Overlord  
  19  1:59  Drone  
  20  2:10  Queen x2  
  20  2:12  Metabolic Boost  
  24  2:30  Drone  
  24  2:31  Drone x2  
  24  2:32  Zergling x4  
  29  2:41  Zergling x2  
  29  2:49  Zergling x2  
  29  2:50  Zergling x2  
  26  3:01  Zergling x4  
  27  3:06  Zergling x4  
  27  3:18  Zergling x4  
  28  3:24  Spine Crawler  
  27  3:32  Zergling x4  
  24  3:47  Zergling x4  
  26  4:05  Spine Crawler  
Show
View Real Time Build Order
Export as new Build Order

빛과소금 Zerg - Winner!

Build Orders: Pool Only 

Get SALT Encoding   

  12  0:03  Drone  
  13  0:09  Drone  
  14  0:17  Overlord  
  14  0:27  Drone, Extractor  
  14  0:28  Extractor  
  13  0:30  Drone  
  16  0:36  Drone  
  17  0:46  Drone  
  18  0:53  Spawning Pool  
  17  0:58  Drone  
  18  1:13  Overlord  
  18  1:16  Extractor  
  18  1:17  Extractor  
  16  1:36  Evolution Chamber  
  15  1:42  Zergling x6  
  18  1:51  Queen  
  18  1:53  Zergling x2  
  21  2:03  Baneling Nest  
  21  2:05  Zergling x2  
  21  2:09  Metabolic Boost  
  21  2:16  Zergling x2  
  22  2:26  Zergling x2  
  23  2:41  Zergling x2  
  23  2:53  Zergling x2  
  24  3:04  Zergling x8  
  28  3:07  Baneling  
  28  3:08  Baneling  
  26  3:32  Zergling x4  
  27  3:39  Baneling  
  27  3:40  Baneling  
  27  3:48  Baneling x2  
Tags
 
Add a new tag
Caveats
  • Supply blocks, unpowered buildings, or Contaminate may cause inaccurate times.
  • Supply counts are checked every 10 seconds.